 Dungeon Crawl Stone Soup version 0.17-a0-461-g772d41b (webtiles) character file.

1048 Kisielow the Destroyer (level 8, 0/41 HPs)
             Began as a Deep Elf Conjurer on Apr 5, 2015.
             Was an Initiate of Vehumet.
             Succumbed to a worker ant's poison
             ... on level 4 of the Dungeon.
             The game lasted 00:23:54 (4758 turns).

Kisielow the Destroyer (Deep Elf Conjurer)          Turns: 4758, Time: 00:23:54

Health: 0/41       AC:  2    Str: 12    XL:     8   Next: 5%
Magic:  14/14      EV: 13    Int: 26    God:    Vehumet [......]
Gold:   292        SH:  0    Dex: 15    Spells: 3 memorised, 5 levels left

rFire  + . .     SeeInvis .     m - +0 whip
rCold  x . .     Clarity  .     a - +0 robe
rNeg   . . .     SustAb   .     (no shield)
rPois  .         Gourm    .     (no helmet)
rElec  .         Spirit   .     (no cloak)
rCorr  .         Warding  .     (no gloves)
rMut   .         Stasis   .     (no boots)
MR     .....                    (no amulet)
Stlth  ++........               (no ring)
                                d - ring of fire

@: mighty, brilliant, lethally poisoned (0 -> -1), flying, very slightly
contaminated, hasted, very quick, not resistant to hostile enchantments,
unstealthy
A: no striking features
a: Renounce Religion


You were on level 4 of the Dungeon.
You worshipped Vehumet.
Vehumet was noncommittal.
You were very hungry.

You visited 2 branches of the dungeon, and saw 6 of its levels.

You collected 292 gold pieces.

Inventory:

Hand weapons
 m - a +0 whip (weapon)
Armour
 a - a +0 robe (worn)
Jewellery
 d - a ring of fire (left hand)
Magical devices
 f - a wand of random effects (5)
 s - a wand of magic darts (34)
Scrolls
 l - a scroll of remove curse
 o - a scroll of identify
Potions
 n - 2 potions of restore abilities
Books
 c - a book of Conjurations

   Spells                             Type                      Level
   a - Magic Dart                     Conjuration                  1
   b - Searing Ray                    Conjuration                  2
   c - Dazzling Spray                 Conjuration/Hexes            3
   d - Fulminant Prism                Conjuration/Hexes            4
   e - Iskenderun's Mystic Blast      Conjuration                  4
   f - Iskenderun's Battlesphere      Conjuration/Charms           5
Comestibles
 b - 5 bread rations
 i - a slice of pizza
 k - 2 meat rations


   Skills:
 - Level 2.4 Dodging
 - Level 2.4 Stealth
 - Level 3.0 Spellcasting
 * Level 9.7 Conjurations
 * Level 7.0 Charms


You had 5 spell levels left.
You knew the following spells:

 Your Spells              Type           Power        Failure   Level  Hunger
a - Magic Dart            Conj           ####         1%          1    None
b - Searing Ray           Conj           ######       1%          2    ##.....
c - Iskenderun's Battles  Conj/Chrm      ######..     1%          5    ######.


Dungeon Overview and Level Annotations

Branches:
Dungeon (5/15)             Temple (1/1) D:5

Altars:
Ashenzari
Dithmenos
Fedhas
Gozag
Kikubaaqudgha
Makhleb
Okawaru
Qazlal
Ru
Sif Muna
Trog
Vehumet
Xom
Yredelemnul
Zin
The Shining One


Message History

It was a potion of haste.
You feel yourself speed up.
You are very lightly contaminated with residual magic.
Drink which item? (? for menu, Esc to quit)
It was a potion of flight.
You feel very buoyant.
You fly up into the air.
* * * LOW HITPOINT WARNING * * *
You feel sick.
Drink which item? (? for menu, Esc to quit)
It was a potion of berserk rage.
You're too hungry to go berserk.
There is a lethal amount of poison in your body!
* * * LOW HITPOINT WARNING * * *
You feel sick.
Drink which item? (? for menu, Esc to quit)
Okay, then.
* * * LOW HITPOINT WARNING * * *
You feel sick.
* * * LOW HITPOINT WARNING * * *
You feel sick.
You die...

#.#.....## .#.
#........ .#. #....)#
###.#$### #....>#
.... ...#### ###.#.#
... .#..... .. #.#
#.# ##...## ## #.#
#.###.....#########.#
...........#....@†..#
..###.....##.########
..# ##...###.# ..#
##.## #.# ..# #.# #.#
.## #.# #.# .# #.#
#.# .# #.# #.# .# #.#
#.#


There were no monsters in sight!

Vanquished Creatures
  Pikel (D:4)
  An ice beast (D:5)
  A slave (D:3)
  An ogre (D:4)
  A hound (D:5)
  2 iguanas (D:5)
  A jelly (D:3)
  Natasha (twice) (D:4)
  4 worker ants
  4 adders
  2 worms
  3 giant geckos
  2 oozes
  7 orcs
  9 bats
  A bat skeleton (D:5)
  7 giant cockroaches
  10 hobgoblins
  3 quokkas
  2 ball pythons
  6 giant newts
  9 goblins
  20 kobolds
  16 rats
  A butterfly (D:2)
116 creatures vanquished.

Vanquished Creatures (others)
  Natasha (D:4)
1 creature vanquished.

Grand Total: 117 creatures vanquished

Notes
Turn   | Place    | Note
--------------------------------------------------------------
     0 | D:1      | Kisielow, the Deep Elf Conjurer, began the quest for the Orb.
     0 | D:1      | Reached XP level 1. HP: 10/10 MP: 6/6
   238 | D:1      | Reached XP level 2. HP: 15/15 MP: 5/8
   299 | D:1      | Reached skill level 5 in Conjurations
   473 | D:1      | Learned a level 2 spell: Searing Ray
   835 | D:2      | Found a shimmering altar of Xom.
   878 | D:3      | Found an opulent altar of Gozag.
   892 | D:3      | Found a glowing silver altar of Zin.
   907 | D:3      | Reached XP level 3. HP: 19/19 MP: 6/9
  1296 | D:3      | Reached skill level 6 in Conjurations
  1315 | D:3      | Reached XP level 4. HP: 24/24 MP: 4/10
  2707 | D:2      | Reached XP level 5. HP: 26/28 MP: 4/11
  2714 | D:2      | Learned a level 5 spell: Iskenderun's Battlesphere
  2723 | D:2      | Reached skill level 7 in Conjurations
  3122 | D:4      | Noticed a slave
  3152 | D:4      | Found a stormy altar of Qazlal.
  3152 | D:4      | Noticed a fire elemental
  3156 | D:4      | Noticed a water elemental
  3157 | D:4      | Noticed an air elemental
  3174 | D:4      | Noticed Natasha
  3186 | D:4      | Killed Natasha
  3255 | D:5      | Entered Level 5 of the Dungeon
  3264 | D:5      | Found a staircase to the Ecumenical Temple.
  3281 | Temple   | Entered the Ecumenical Temple
  3311 | Temple   | Became a worshipper of Vehumet
  3359 | D:5      | Noticed an ice beast
  3374 | D:5      | Killed an ice beast
  3374 | D:5      | Reached skill level 5 in Charms
  3374 | D:5      | Reached XP level 6. HP: 32/32 MP: 7/12
  3722 | D:5      | Found a basalt altar of Yredelemnul.
  4202 | D:4      | Noticed an ogre
  4204 | D:4      | Noticed Pikel
  4206 | D:4      | Noticed a slave
  4207 | D:4      | Killed an ogre
  4207 | D:4      | Reached XP level 7. HP: 36/36 MP: 5/13
  4208 | D:4      | Noticed Natasha
  4208 | D:4      | Killed Natasha
  4210 | D:4      | Noticed a slave
  4213 | D:4      | Noticed a slave
  4237 | D:3      | Killed a slave
  4422 | D:4      | Noticed an ogre
  4712 | D:4      | Reached skill level 8 in Conjurations
  4717 | D:4      | Killed Pikel
  4717 | D:4      | Reached skill level 9 in Conjurations
  4717 | D:4      | Reached XP level 8. HP: 23/41 MP: 1/14
  4728 | D:4      | Killed Natasha
  4735 | D:4      | HP: 2/41 [poisoned by a worker ant]
  4740 | D:4      | HP: 2/41 [poisoned by a worker ant]
  4746 | D:4      | HP: 1/41 [poisoned by a worker ant]
  4752 | D:4      | HP: 1/41 [poisoned by a worker ant]
  4758 | D:4      | Succumbed to a worker ant's poison

Action                   |  1- 3 |  4- 6 |  7- 9 || total
-------------------------+-------+-------+-------++-------
Melee: Dagger            |    22 |    17 |       ||    39
       Unarmed           |       |     9 |       ||     9
       Whip              |       |     1 |     5 ||     6
 Cast: Magic Dart        |    76 |   121 |     9 ||   206
       Searing Ray       |     1 |     8 |     1 ||    10
       Iskenderun's Batt |       |     3 |     1 ||     4
Evoke: Wand              |       |     6 |     3 ||     9
  Use: Scroll            |     3 |     5 |     1 ||     9
       Potion            |       |       |     6 ||     6
  Eat: Chunk             |     1 |    10 |     1 ||    12
